IL
SALT LAKE BEES @ TACOMA RAINIERS
09/10/2048
 
TOP OF THE 1ST
Salt Lake Bees batting - Pitching for Tacoma Rainiers : RHP Vinny Reveles
Pitching: RHP Vinny Reveles
Batting: RHB Kian-tat Chen 0-0: Called Strike
0-1: Ball
1-1: Foul Ball, location: 2F
1-2: Foul Ball, location: 2F
1-2: Ball
2-2: DOUBLE (Line Drive, 9LM, EV 102.5 MPH)
Batting: RHB Melvin Gomez 0-0: Foul Ball, location: 2F
0-1: Called Strike
0-2: Ball
1-2: Ball
2-2: Ball
3-2: Base on Balls
Batting: LHB Micah Miller 0-0: Called Strike
0-1: Ball
1-1: DOUBLE (Flyball, 78XD, EV 97.5 MPH)
Kian-tat Chen scores
Melvin Gomez to third
Batting: LHB Brett Bugge 0-0: Called Strike
0-1: Ball
1-1: Fly out, F8 (Flyball, 8LD, EV 96.9 MPH)
Runner from 3rd tags up, SCORES, throw by CF
Micah Miller to third
Batting: RHB Ryan Munro 0-0: Fly out, F2 (Popup, 23F, EV 82.5 MPH)
Batting: RHB Jeff Long 0-0: Ball
Wild Pitch!
Micah Miller scores
1-0: Called Strike
1-1: Foul Ball, location: 2F
1-2: Fly out, F8 (Flyball, 8LM, EV 81.2 MPH)
Top of the 1st over - 3 runs, 2 hits, 0 errors, 0 left on base; Salt Lake 3 - Tacoma 0
BOTTOM OF THE 1ST
Tacoma Rainiers batting - Pitching for Salt Lake Bees : RHP Jake Bruen
Pitching: RHP Jake Bruen
Batting: RHB Brad Robidas 0-0: Ball
1-0: Ball
2-0: Ground out 6-3 (Groundball, 6, EV 86.9 MPH)
Pitching: RHP George Rosario
Batting: RHB Enrique Valdez 0-0: Called Strike
0-1: Called Strike
0-2: SINGLE (Groundball, 56, EV 100.0 MPH)
Batting: LHB Josh Pittman 0-0: Called Strike
0-1: Ball
1-1: Swinging Strike
1-2: Ball
Enrique Valdez steals 2nd, throwing error, E2
Enrique Valdez to third
2-2: Ball
3-2: SINGLE (Groundball, 56D, EV 102.5 MPH)
Enrique Valdez scores
Batting: LHB Ryan Lowe 0-0: Ball
1-0: Called Strike
1-1: Called Strike
1-2: Foul Ball, location: 2F
1-2: Foul Ball, location: 2F
1-2: Strikes out swinging
Batting: LHB Jawad Fahad 0-0: Ball
1-0: Ground out 3-1 (Groundball, 34S, EV 86.2 MPH)
Bottom of the 1st over - 1 run, 2 hits, 1 error, 1 left on base; Salt Lake 3 - Tacoma 1
TOP OF THE 2ND
Salt Lake Bees batting - Pitching for Tacoma Rainiers : RHP Vinny Reveles
Batting: RHB Brandon Davis 0-0: Hit by Pitch
Batting: RHB Josh Faulconer 0-0: Ball
1-0: Called Strike
1-1: Foul Ball, location: 2F
1-2: Foul Ball, location: 2F
1-2: Strikes out looking
Batting: RHB Kinya Nishimura 0-0: Ball
1-0: Ball
2-0: Foul Ball, location: 2F
2-1: Fly out, F8 (Flyball, 8LD, EV 89.4 MPH)
Batting: RHB Kian-tat Chen 0-0: Fielders Choice at 2nd, 5-4 (Groundball, 5, EV 83.1 MPH)
Top of the 2nd over - 0 runs, 0 hits, 0 errors, 1 left on base; Salt Lake 3 - Tacoma 1
BOTTOM OF THE 2ND
Tacoma Rainiers batting - Pitching for Salt Lake Bees : RHP George Rosario
Batting: RHB Rick Ellis 0-0: SINGLE (Groundball, 34D, EV 96.2 MPH)
Batting: RHB Chris Olheiser 0-0: Ball
1-0: Swinging Strike
1-1: Ball
2-1: Foul Ball, location: 2F
2-2: Strikes out swinging
Batting: RHB Max Schellekens 0-0: Swinging Strike
0-1: Swinging Strike
0-2: Fielders Choice at 2nd, 6-4 (Groundball, 6, EV 90.6 MPH)
Batting: RHB Kagetoki Kawai 0-0: Ball
1-0: Ball
2-0: Called Strike
2-1: 2-RUN HOME RUN (Line Drive, 7D, EV 98.8 MPH), Distance : 382 ft
Batting: RHB Brad Robidas 0-0: Ball
1-0: Foul Ball, location: 2F
1-1: Ball
2-1: Swinging Strike
2-2: Strikes out swinging
Bottom of the 2nd over - 2 runs, 2 hits, 0 errors, 0 left on base; Salt Lake 3 - Tacoma 3
TOP OF THE 3RD
Salt Lake Bees batting - Pitching for Tacoma Rainiers : RHP Vinny Reveles
Batting: RHB Melvin Gomez 0-0: Called Strike
0-1: Ball
1-1: Ball
2-1: Fly out, F8 (Flyball, 8RXD, EV 100.0 MPH)
Batting: LHB Micah Miller 0-0: Foul Ball, location: 2F
0-1: Foul Ball, location: 2F
0-2: Strikes out swinging
Batting: LHB Brett Bugge 0-0: Called Strike
0-1: Ground out 6-3 (Groundball, 56, EV 92.5 MPH)
Top of the 3rd over - 0 runs, 0 hits, 0 errors, 0 left on base; Salt Lake 3 - Tacoma 3
BOTTOM OF THE 3RD
Tacoma Rainiers batting - Pitching for Salt Lake Bees : RHP George Rosario
Batting: RHB Enrique Valdez 0-0: Ball
1-0: Called Strike
1-1: Ball
2-1: SINGLE (Groundball, 25, EV 68.1 MPH) (infield hit)
Batting: LHB Josh Pittman 0-0: Swinging Strike
0-1: Ball
1-1: Ball
2-1: DOUBLE (Line Drive, 5D, EV 100.0 MPH)
Enrique Valdez to third
Batting: LHB Ryan Lowe 0-0: Called Strike
0-1: Ball
1-1: Ball
2-1: Ball
3-1: SINGLE (Groundball, 34S, EV 66.9 MPH) (infield hit)
Enrique Valdez scores
Josh Pittman to third
Batting: LHB Jawad Fahad 0-0: Ball
1-0: Fielders Choice at 2nd, 3-6 (Groundball, 34, EV 76.9 MPH)
Josh Pittman scores
Pitching: RHP Eric Cunningham
Batting: RHB Rick Ellis 0-0: Fly out, F8 (Flyball, 8RS, EV 86.2 MPH)
Batting: RHB Chris Olheiser 0-0: SINGLE (Groundball, 3D, EV 100.6 MPH)
Jawad Fahad to second
Runner from 2nd tries for 3rd, SAFE, throw by RF made to third
Batting: RHB Max Schellekens 0-0: Ball
1-0: Swinging Strike
1-1: Foul Ball, location: 2F
1-2: Foul Ball, location: 2F
1-2: Ball
2-2: Ball
3-2: Base on Balls
Chris Olheiser to second
Batting: RHB Kagetoki Kawai 0-0: Foul Ball, location: 2F
0-1: Foul Ball, location: 2F
0-2: Strikes out swinging
Bottom of the 3rd over - 2 runs, 4 hits, 0 errors, 3 left on base; Salt Lake 3 - Tacoma 5
TOP OF THE 4TH
Salt Lake Bees batting - Pitching for Tacoma Rainiers : RHP Vinny Reveles
Batting: RHB Ryan Munro 0-0: Called Strike
0-1: Called Strike
0-2: Ground out 6-3 (Groundball, 6, EV 106.9 MPH)
Batting: RHB Jeff Long 0-0: Ball
1-0: Ball
2-0: Called Strike
2-1: Ground out 5-3 (Groundball, 25, EV 82.5 MPH)
Batting: RHB Brandon Davis 0-0: Ball
1-0: Ball
2-0: Ball
3-0: Called Strike
3-1: Foul Ball, location: 2F
3-2: Foul Ball, location: 2F
3-2: Base on Balls
Batting: RHB Josh Faulconer 0-0: Called Strike
0-1: Ball
1-1: Ball
2-1: Ball
3-1: Base on Balls
Brandon Davis to second
Batting: RHB Kinya Nishimura 0-0: Called Strike
0-1: Fly out, F8 (Line Drive, 8RM, EV 93.1 MPH)
Top of the 4th over - 0 runs, 0 hits, 0 errors, 2 left on base; Salt Lake 3 - Tacoma 5
BOTTOM OF THE 4TH
Tacoma Rainiers batting - Pitching for Salt Lake Bees : RHP Eric Cunningham
Batting: RHB Brad Robidas 0-0: Ground out 6-3 (Groundball, 6, EV 92.5 MPH)
Batting: RHB Enrique Valdez 0-0: Ball
1-0: Ground out 6-3 (Groundball, 6M, EV 88.8 MPH)
Batting: LHB Josh Pittman 0-0: Ball
1-0: Ball
2-0: Called Strike
2-1: Foul Ball, location: 2F
2-2: Foul Ball, location: 2F
2-2: Foul Ball, location: 2F
2-2: Ball
3-2: Base on Balls
Batting: LHB Ryan Lowe 0-0: Swinging Strike
0-1: Ball
1-1: Ball
2-1: Foul Ball, location: 2F
2-2: Ball
3-2: Foul Ball, location: 2F
3-2: Fly out, F8 (Flyball, 8RM, EV 98.8 MPH)
Bottom of the 4th over - 0 runs, 0 hits, 0 errors, 1 left on base; Salt Lake 3 - Tacoma 5
TOP OF THE 5TH
Salt Lake Bees batting - Pitching for Tacoma Rainiers : RHP Vinny Reveles
Batting: RHB Kian-tat Chen 0-0: Ball
1-0: Ball
2-0: Called Strike
2-1: Foul Ball, location: 2F
2-2: SINGLE (Groundball, 4M, EV 104.4 MPH) (infield hit)
Batting: RHB Melvin Gomez 0-0: Called Strike
0-1: Foul Ball, location: 2F
0-2: Ball
1-2: Grounds into double play, 6-4-3 (Groundball, 6, EV 91.9 MPH)
Batting: LHB Micah Miller 0-0: Swinging Strike
0-1: Foul Ball, location: 2F
0-2: Ground out U3 (Groundball, 3S, EV 71.9 MPH)
Top of the 5th over - 0 runs, 1 hit, 0 errors, 0 left on base; Salt Lake 3 - Tacoma 5
BOTTOM OF THE 5TH
Tacoma Rainiers batting - Pitching for Salt Lake Bees : RHP Eric Cunningham
Batting: LHB Jawad Fahad 0-0: Ball
1-0: Ball
2-0: SINGLE (Groundball, 5D, EV 100.6 MPH)
Batting: RHB Rick Ellis 0-0: SINGLE (Popup, 6MD, EV 73.1 MPH)
Jawad Fahad to second
Batting: RHB Chris Olheiser 0-0: Foul Ball, location: 2F
0-1: Called Strike
0-2: Ball
1-2: Grounds into double play, 3-6-3 (Groundball, 34S, EV 85.0 MPH)
Jawad Fahad to third
Batting: RHB Max Schellekens 0-0: Ball
1-0: 2-RUN HOME RUN (Flyball, 7D, EV 101.9 MPH), Distance : 377 ft
Batting: RHB Kagetoki Kawai 0-0: Ball
1-0: Ball
2-0: Foul Ball, location: 2F
2-1: Foul Ball, location: 2F
2-2: Foul Ball, location: 2F
2-2: Strikes out swinging
Bottom of the 5th over - 2 runs, 3 hits, 0 errors, 0 left on base; Salt Lake 3 - Tacoma 7
TOP OF THE 6TH
Salt Lake Bees batting - Pitching for Tacoma Rainiers : RHP Vinny Reveles
Batting: LHB Brett Bugge 0-0: Ball
1-0: SOLO HOME RUN (Flyball, 8RXD, EV 115.6 MPH), Distance : 436 ft
Batting: RHB Ryan Munro 0-0: Called Strike
0-1: Called Strike
0-2: Ball
1-2: Foul Ball, location: 2F
1-2: Foul Ball, location: 2F
1-2: Ball
2-2: Ball
3-2: Ground out 5-3 (Groundball, 56S, EV 82.5 MPH)
Pitching: RHP Sid Lampone
Batting: RHB Jeff Long 0-0: Called Strike
0-1: Fly out, F7 (Flyball, 7LD, EV 97.5 MPH)
Batting: RHB Brandon Davis 0-0: Called Strike
0-1: Foul Ball, location: 2F
0-2: Foul Ball, location: 2F
0-2: Fly out, F9 (Flyball, 89S, EV 94.4 MPH)
Top of the 6th over - 1 run, 1 hit, 0 errors, 0 left on base; Salt Lake 4 - Tacoma 7
BOTTOM OF THE 6TH
Tacoma Rainiers batting - Pitching for Salt Lake Bees : RHP Eric Cunningham
Pitching: RHP Shane Woods
Batting: RHB Brad Robidas 0-0: Ball
1-0: Foul Ball, location: 2F
1-1: Ball
2-1: Ground out 5-3 (Groundball, 56S, EV 76.2 MPH)
Batting: RHB Enrique Valdez 0-0: Ball
1-0: Called Strike
1-1: Ball
2-1: Ball
3-1: Foul Ball, location: 2F
3-2: Base on Balls
Batting: LHB Josh Pittman 0-0: Ball
1-0: Ball
2-0: Foul Ball, location: 2F
2-1: Called Strike
2-2: Hit by Pitch
Enrique Valdez to second
Batting: LHB Ryan Lowe 0-0: Ball
1-0: Ball
2-0: Ball
3-0: Base on Balls
Enrique Valdez to third
Josh Pittman to second
Batting: LHB Jawad Fahad 0-0: Swinging Strike
0-1: Ball
1-1: Ball
2-1: Foul Ball, location: 2F
2-2: Fly out, F8 (Flyball, 89D, EV 105.0 MPH)
Runner from 3rd tags up, SCORES, no throw by CF
Batting: RHB Rick Ellis 0-0: Ball
1-0: Called Strike
1-1: SINGLE (Groundball, 6D, EV 97.5 MPH)
Josh Pittman to third
Ryan Lowe to second
Runner from 3rd tries for Home, SAFE, throw by CF to home
Batting: RHB Chris Olheiser 0-0: Ball
1-0: SINGLE (Line Drive, 6MD, EV 103.1 MPH)
Ryan Lowe to third
Rick Ellis to second
Runner from 3rd tries for Home, SAFE, throw by CF to home
Batting: RHB Max Schellekens 0-0: DOUBLE (Line Drive, 89D, EV 111.9 MPH)
Rick Ellis scores
Chris Olheiser to third
Runner from 3rd tries for Home, SAFE, throw by CF to trailing runner, OUT at third! 8-3-5
Bottom of the 6th over - 5 runs, 3 hits, 0 errors, 0 left on base; Salt Lake 4 - Tacoma 12
TOP OF THE 7TH
Salt Lake Bees batting - Pitching for Tacoma Rainiers : RHP Sid Lampone
Batting: RHB Josh Faulconer 0-0: Foul Ball, location: 2F
0-1: Called Strike
0-2: Ball
1-2: Strikes out looking
Batting: RHB Kinya Nishimura 0-0: Ball
1-0: Foul Ball, location: 2F
1-1: Ground out 6-3 (Groundball, 56, EV 89.4 MPH)
Batting: RHB Kian-tat Chen 0-0: Ball
1-0: Foul Ball, location: 2F
1-1: Foul Ball, location: 2F
1-2: Strikes out swinging
Top of the 7th over - 0 runs, 0 hits, 0 errors, 0 left on base; Salt Lake 4 - Tacoma 12
BOTTOM OF THE 7TH
Tacoma Rainiers batting - Pitching for Salt Lake Bees : RHP Shane Woods
Pitching: RHP Andrew Tipton
Batting: RHB Kagetoki Kawai 0-0: Ground out 5-3 (Groundball, 5, EV 85.0 MPH)
Batting: RHB Brad Robidas 0-0: Fly out, F9 (Line Drive, 89S, EV 91.9 MPH)
Batting: RHB Enrique Valdez 0-0: Called Strike
0-1: Foul Ball, location: 2F
0-2: Ball
1-2: Foul Ball, location: 2F
1-2: Ball
2-2: Ground out 5-3 (Groundball, 5L, EV 91.9 MPH)
Bottom of the 7th over - 0 runs, 0 hits, 0 errors, 0 left on base; Salt Lake 4 - Tacoma 12
TOP OF THE 8TH
Salt Lake Bees batting - Pitching for Tacoma Rainiers : RHP Sid Lampone
Batting: RHB Melvin Gomez 0-0: Foul Ball, location: 2F
0-1: SINGLE (Line Drive, 6MD, EV 95.0 MPH)
Batting: LHB Micah Miller 0-0: Ball
1-0: Ball
2-0: Foul Ball, location: 2F
2-1: Ball
3-1: Base on Balls
Melvin Gomez to second
Batting: LHB Brett Bugge 0-0: Ball
1-0: Swinging Strike
1-1: Called Strike
1-2: Fielders Choice at 3rd, U5 (Groundball, 5L, EV 81.2 MPH)
Micah Miller to second
Batting: RHB Ryan Munro 0-0: Ball
1-0: Ball
2-0: Ball
3-0: Base on Balls
Micah Miller to third
Brett Bugge to second
Batting: RHB Jeff Long 0-0: Called Strike
0-1: Foul Ball, location: 2F
0-2: Ball
1-2: Grounds into double play, 4-6-3 (Groundball, 4, EV 88.8 MPH)
Top of the 8th over - 0 runs, 1 hit, 0 errors, 2 left on base; Salt Lake 4 - Tacoma 12
BOTTOM OF THE 8TH
Tacoma Rainiers batting - Pitching for Salt Lake Bees : RHP Andrew Tipton
Batting: LHB Josh Pittman 0-0: Foul Ball, location: 2F
0-1: Ball
1-1: Swinging Strike
1-2: Foul Ball, location: 2F
1-2: Foul Ball, location: 2F
1-2: Strikes out swinging
Batting: LHB Ryan Lowe 0-0: Swinging Strike
0-1: Ground out 4-3 (Groundball, 4, EV 81.9 MPH)
Batting: LHB Jawad Fahad 0-0: SINGLE (Groundball, 4MD, EV 104.4 MPH)
Batting: RHB Rick Ellis 0-0: Ball
1-0: Ball
2-0: Ball
3-0: Foul Ball, location: 2F
3-1: Swinging Strike
3-2: SINGLE (Groundball, 6MD, EV 96.9 MPH)
Jawad Fahad to second
Jawad Fahad to third
Batting: RHB Chris Olheiser 0-0: Ball
1-0: Called Strike
1-1: Foul Ball, location: 2F
1-2: Ball
2-2: Ball
3-2: Strikes out swinging
Bottom of the 8th over - 0 runs, 2 hits, 0 errors, 2 left on base; Salt Lake 4 - Tacoma 12
TOP OF THE 9TH
Salt Lake Bees batting - Pitching for Tacoma Rainiers : RHP Sid Lampone
Batting: RHB Brandon Davis 0-0: Foul Ball, location: 2F
0-1: Swinging Strike
0-2: Ground out 5-3 (Groundball, 56, EV 103.8 MPH)
Batting: RHB Josh Faulconer 0-0: Ball
1-0: Ground out 6-3 (Groundball, 6, EV 86.9 MPH)
Batting: RHB Kinya Nishimura 0-0: Ball
1-0: SINGLE (Groundball, 4D, EV 100.6 MPH)
Pitching: LHP Adam Parrish
Batting: RHB Kian-tat Chen 0-0: Called Strike
0-1: Ball
Wild Pitch!
Kinya Nishimura to second
1-1: Called Strike
1-2: Strikes out swinging
Top of the 9th over - 0 runs, 1 hit, 0 errors, 1 left on base; Salt Lake 4 - Tacoma 12
Tuesday, March 28th , 2023 - OOTP Baseball 23.10 Build 110